 Dungeon Crawl Stone Soup version 0.24.0-123-gd5b16e6ec5 (webtiles) character file.

Game seed: 5345761218278625961, levelgen mode: deterministic

169612 eccles the Severer (level 17, -3/140 HPs)
             Began as a Demonspawn Berserker on Dec 18, 2019.
             Was the Champion of Trog.
             Slain by a five-headed hydra simulacrum (32 damage)
             ... on level 4 of the Swamp on Jan 3, 2020.
             The game lasted 03:26:28 (31617 turns).

eccles the Severer (Demonspawn Berserker)          Turns: 31617, Time: 03:26:29

Health: -3/140     AC: 37    Str: 24    XL:     17   Next: 35%
Magic:  17/17      EV: 10    Int: 18    God:    Trog [******]
Gold:   2525       SH:  6    Dex: 15    Spells: 16/16 levels left

rFire    + + +     SeeInvis .   P - +3 battleaxe (flame)
rCold    . . .     Gourm    .   (shield currently unavailable)
rNeg     . . .     Faith    .   L - +10 plate armour of the Special Wonders {MR+ rCorr}
rPois    .         Spirit   .   N - +2 helmet
rElec    .         Reflect  +   s - scarf {rC+ rF+}
rCorr    +         Harm     .   o - +2 pair of gloves "Webuxt" {-Cast Int+4 Dex+4}
MR       +++++     NoCast   +   (no boots)
Stlth    ..........             v - +6 amulet of reflection
HPRegen  1.33/turn              d - ring of protection from magic
MPRegen  0.15/turn              O - ring "Ress" {Fire +Fly Int+5 Dex-2 Slay+2}

@: regenerating
A: hooves 2, molten scales 3, foul stench 2, powered by death 2, rot immunity
a: Berserk, Trog's Hand, Brothers in Arms, Renounce Religion, Evoke Flight


You were on level 4 of the Swamp.
You worshipped Trog.
Trog was exalted by your worship.
You were not hungry.

You visited 4 branches of the dungeon, and saw 27 of its levels.
You also visited: Gauntlet and Volcano.

You collected 2835 gold pieces.
You spent 310 gold pieces at shops.

Inventory:

Hand Weapons
 a - a +9 battleaxe of chopping
 b - a +3 longbow of flaming
 i - a +4 battleaxe of freezing
 P - a +3 battleaxe of flaming (weapon)
 W - the +7 great mace of the Skies Above {crush, MR+, unknown}
   (Trog gifted it to you on level 4 of the Swamp)

   It inflicts extra damage upon your enemies.
   It affects your resistance to hostile enchantments.
Missiles
 e - 51 poisoned darts (quivered)
 t - 344 arrows
Armour
 o - the +2 pair of gloves "Webuxt" (worn) {-Cast Int+4 Dex+4}
   (You found it in a Gauntlet)

   It affects your intelligence (+4).
   It affects your dexterity (+4).
   It prevents spellcasting.
 s - a scarf of resistance (worn)
 C - the +3 leather armour "Oskup" {-Tele rF+ Str+4 Slay+3}
   (You found it on level 2 of the Swamp)

   It affects your strength (+4).
   It affects your accuracy and damage with ranged weapons and melee attacks
   (+3).
   It protects you from fire.
   It prevents most forms of teleportation.
 I - a +2 cloak of magic resistance
 L - the +10 plate armour of the Special Wonders (worn) {MR+ rCorr}
   (You acquired it on level 6 of the Lair of Beasts)

   It affects your resistance to hostile enchantments.
   It provides partial protection from all sources of acid and corrosion.
 N - a +2 helmet (worn)
 X - a +2 pair of gloves
Jewellery
 d - a ring of protection from magic (left hand)
 f - a cursed ring of attention {unknown}
 k - a +3 ring of evasion
 p - a +4 ring of dexterity
 v - a +6 amulet of reflection (around neck)
 G - an uncursed amulet of the acrobat
 J - an uncursed ring of stealth
 O - the ring "Ress" (right hand) {Fire +Fly Int+5 Dex-2 Slay+2}
   (You found it on level 11 of the Dungeon)

   [ring of fire]

   It enhances your fire magic.
   It affects your intelligence (+5).
   It affects your dexterity (-2).
   It affects your accuracy and damage with ranged weapons and melee attacks
   (+2).
   It protects you from fire.
   It makes you vulnerable to cold.
   It lets you fly.
Wands
 l - a wand of disintegration (18)
 u - a wand of polymorph (24)
 E - a wand of acid (26)
 H - a wand of flame (9)
 K - a wand of clouds (5)
 M - a wand of digging (16)
 S - a wand of paralysis (25)
 Z - a wand of iceblast (8)
Scrolls
 g - 3 scrolls of fog
 h - a scroll of magic mapping
 j - a scroll of brand weapon
 q - 7 scrolls of remove curse
 r - a scroll of blinking
 A - a scroll of summoning
 F - 11 scrolls of teleportation
 V - 6 scrolls of fear
Potions
 m - a potion of magic
 n - 4 potions of might
 w - 4 potions of flight
 x - 5 potions of agility
 z - 8 potions of brilliance
 D - 9 potions of curing
 Q - 5 potions of resistance
 R - a potion of berserk rage
 U - a potion of haste
Miscellaneous
 y - a lamp of fire
 Y - a lamp of fire
Comestibles
 c - 36 rations


   Skills:
 * Level 14.6 Fighting
 * Level 19.4(19.5) Axes
 + Level 1.4(13.3) Maces & Flails
 + Level 3.2 Bows
 + Level 6.8 Throwing
 * Level 13.3 Armour
 * Level 4.3 Dodging
 + Level 2.6 Stealth
 + Level 1.0 Evocations


You had 16 spell levels left.
You didn't know any spells.
Your spell library was empty.

Dungeon Overview and Level Annotations

Branches:
Dungeon (15/15)            Temple (0/1) D:5            Lair (6/6) D:10
  Swamp (4/4) Lair:2        Snake (0/4) Lair:3        Slime (0/5) Lair:6
    Orc (2/2) D:12            Elf (0/3) Orc:2        Vaults (0/5) D:14
 Depths (0/5) D:15        Volcano (visited)         Gauntlet (visited)

Altars:
Elyvilon
Kikubaaqudgha
Makhleb
Nemelex Xobeh
Okawaru
Qazlal
Ru
Trog
Uskayaw
Vehumet
Xom
Yredelemnul
Zin
The Shining One

Shops:
D:7 !   D:10 (   D:11 }   D:15 ?=   Orc:1 *   Orc:2 (:!=

Annotations:
D:2 2 transporters, Menkaure
D:3 2 transporters, Nilihum's ghost, amateur TeAE
D:4 2 transporters
D:6 2 transporters
D:11 Sonja


Innate Abilities, Weirdness & Mutations

You have hoof-like feet.
You are completely covered in molten scales. (AC +4, rF+)
You frequently emit foul miasma when damaged in melee.
You regenerate health from kills.
You are immune to rotting.


Message History

You feel much better.
The ice dragon bites you but does no damage.
The ice dragon claws you.
* * * LOW HITPOINT WARNING * * *
The ice dragon tramples you but does no damage.
The five-headed hydra simulacrum barely misses you.
You block the five-headed hydra simulacrum's attack.
The five-headed hydra simulacrum bites you but does no damage.
You block the five-headed hydra simulacrum's attack.
The five-headed hydra simulacrum closely misses you.
Your skin crawls.
You feel resistant to hostile enchantments.
You feel somewhat more hungry. The ice dragon completely misses you.
You block the ice dragon's attack. x2
An eight-headed hydra simulacrum comes into view.
The five-headed hydra simulacrum bites you but does no damage.
The five-headed hydra simulacrum bites you.
* * * LOW HITPOINT WARNING * * *
The five-headed hydra simulacrum freezes you!!
You die... °°.. ♣♣♣♣♣♣ °Z. ♣≈≈≈≈♣♣♣ #ZZ

≈≈≈≈≈≈≈♣♣ ..##
≈≈.≈≈≈≈≈♣♣ Z.##
..♣..≈≈≈≈♣♣ #Z.#
...≈..≈≈≈≈♣ #DZ#
..≈≈...≈≈♣♣ ##@.#
♣§≈≈≈.≈≈♣♣ #...#
♣.≈..♣♣♣♣♣♣♣♣##..##
♣.≈..♣♣ ♣♣≈≈♣#..###
♣≈≈≈..♣♣♣≈≈≈♣##^..#
♣≈≈≈...♣≈≈≈♣ ##.♣##
.≈≈§≈....≈≈♣♣#..##
≈≈≈≈≈.≈...≈≈♣##..#
≈≈≈≈..≈.≈..♣♣ #..#


You could see an ice dragon, an eight-headed hydra simulacrum, a six-headed
hydra simulacrum, a five-headed hydra simulacrum and 3 four-headed hydra
simulacra.

Vanquished Creatures
  Jorgrun (Orc:1)
  6 thorn hunters
  2 entropy weavers (Lair:6)
  Nessos (D:14)
  A minotaur (Gauntlet)
  A dire elephant (Lair:2)
  Snorg (Lair:6)
  Josephine (Lair:6)
  2 ogre magi (Orc:2)
  24 hydras
  2 ice dragons
  3 catoblepae
  A centaur warrior (D:14)
  A ghost crab (Swamp:2)
  9 alligators
  20 two-headed ogres
  A death knight (D:13)
  9 death yaks (Lair:6)
  A queen ant (Lair:6)
  A tengu warrior (D:12)
  Urug (D:14)
  An orc high priest (Orc:2)
  A hell knight (Volcano)
  A fire crab (Gauntlet)
  A salamander mystic (Volcano)
  2 deep trolls (Orc:2)
  2 swamp dragons (Swamp:3)
  2 spriggan druids
  A wolf spider (D:15)
  Pikel (D:7)
  3 lindwurms (Lair:6)
  7 cyclopes
  2 orc knights
  13 ugly things
  6 salamanders
  An orc sorcerer (Orc:2)
  Maurice (D:9)
  4 manticores
  32 elephants
  4 oklob plants (Lair:6)
  6 centaur zombies
  An elephant (shapeshifter) (D:15)
  6 black mambas
  8 torpor snails
  2 gargoyles (D:14)
  18 spiny frogs
  7 freezing wraiths
  An efreet (D:14)
  A kobold demonologist (D:12)
  A rime drake (Lair:6)
  2 demonic crawlers (D:15)
  An ice devil (Gauntlet)
  5 komodo dragons
  2 hellwings (D:9)
  13 trolls
  A tengu conjurer (D:15)
  3 polar bears
  11 hornets
  3 meliai (D:13)
  12 tyrant leeches
  2 blink frogs (Lair:6)
  9 dream sheep (Lair:6)
  6 bog bodies
  12 slime creatures
  7 hippogriffs
  A centaur simulacrum (D:14)
  5 spriggans
  A vampire (D:10)
  7 wraiths
  4 fire bats (Gauntlet)
  4 wyverns
  15 humans (D:14)
  4 shadows
  41 yaks
  21 vampire mosquitoes
  2 hungry ghosts
  4 swamp worm simulacra (Swamp:4)
  A steam dragon (D:12)
  5 basilisks
  Edmund (D:5)
  A naga (Lair:3)
  15 swamp worms
  A warg (Orc:2)
  2 acid dragons
  24 soldier ants
  13 water moccasins
  6 hydra simulacra (Swamp:4)
  11 porcupines
  5 ice beasts
  A hornet zombie (D:9)
  2 hell hounds (Gauntlet)
  10 swamp drakes
  18 orc warriors
  2 sky beasts
  A necrophage (D:12)
  A black bear (D:11)
  3 slaves (D:7)
  A black bear (shapeshifter) (D:13)
  An eye of draining (D:9)
  4 phantoms
  32 ogres
  6 centaurs
  16 wolves
  12 crocodiles
  17 bullfrogs
  3 wyvern zombies
  2 wyvern skeletons
  4 scorpions
  3 killer bees (D:9)
  3 wights (D:8)
  3 electric eels
  2 bullfrog zombies
  6 crimson imps
  A quasit (D:11)
  6 hounds
  3 jellies
  23 orc priests
  A water moccasin simulacrum (D:11)
  4 centaur skeletons
  5 iguanas
  26 orc wizards
  32 worker ants
  7 hell rats (Lair:6)
  2 killer bee zombies (D:8)
  A bullfrog simulacrum (D:11)
  A hound skeleton (D:8)
  3 worker ant zombies
  9 gnolls
  10 adders
  8 shadow imps
  5 white imps
  4 ufetubi (D:11)
  5 oozes
  4 swamp drake simulacra (Swamp:4)
  3 adder skeletons
  4 worms
  A dart slug (D:2)
  12 leopard geckos
  80 orcs
  6 giant cockroaches
  12 goblins
  6 hobgoblins
  6 jackals
  2 quokkas
  2 ball pythons
  11 bats
  10 frilled lizards
  A jackal skeleton (D:4)
  7 kobolds
  2 leopard gecko skeletons
  3 quokka skeletons
  3 rats (D:1)
  26 briar patches
  A bush (Lair:6)
  5 fungi
  8 plants
1032 creatures vanquished.

Vanquished Creatures (others)
  An ice dragon (Swamp:4)
  An alligator (Swamp:3)
  An elephant (Lair:6)
  A spiny frog (Swamp:4)
  A komodo dragon (Swamp:1)
  A slime creature (Swamp:1)
  A human (D:14)
  2 swamp worms (Swamp:4)
  A water moccasin (Lair:6)
  A swamp drake (Swamp:4)
  A centaur (D:15)
  A crocodile (Lair:6)
  An orc (Orc:1)
  3 briar patches (Swamp:2)
  3 bushes
  14 demonic plants (Gauntlet)
  62 fungi
  43 plants
  26 withered plants
165 creatures vanquished.

Grand Total: 1197 creatures vanquished

Notes
Turn   | Place    | Note
-------+----------+-------------------------------------------
     0 | D:1      | eccles the Demonspawn Berserker began the quest for the
                  | Orb.
     0 | D:1      | Reached XP level 1. HP: 18/18 MP: 1/1
   267 | D:1      | Reached skill level 3 in Axes
   269 | D:1      | Gained mutation: You have large cloven feet. [demonic
                  | ancestry]
   269 | D:1      | Reached XP level 2. HP: 9/24 MP: 2/2
   946 | D:1      | Gained mutation: You are immune to rotting. [demonic
                  | ancestry]
   946 | D:1      | Reached XP level 3. HP: 25/29 MP: 3/3
  1240 | D:1      | Reached ** piety under Trog
  1623 | D:2      | Found a basalt altar of Yredelemnul.
  1653 | D:2      | Noticed Menkaure
  1655 | D:2      | Found an ancient bone altar of Kikubaaqudgha.
  1658 | D:2      | Found a transporter.
  1673 | D:2      | Found a transporter.
  1874 | D:2      | Found a white marble altar of Elyvilon.
  1933 | D:2      | Reached skill level 1 in Throwing
  1936 | D:2      | Gained mutation: You regenerate a little health from kills.
                  | [demonic ancestry]
  1936 | D:2      | Reached XP level 4. HP: 35/35 MP: 4/4
  2023 | D:2      | Found a hide-covered altar of Uskayaw.
  2024 | D:2      | Found a sparkling altar of Nemelex Xobeh.
  2208 | D:3      | Found a transporter.
  2209 | D:3      | Found a transporter.
  2209 | D:3      | Noticed Nilihum's ghost (amateur TeAE)
  2209 | D:3      | Noticed an ogre
  2209 | D:3      | Noticed an ogre
  2212 | D:3      | Identified the +8 great mace of Baeffok {crush, rElec Str-2
                  | Dex+5 SInv}
  2212 | D:3      | Noticed an ogre
  2755 | D:3      | Gained mutation: You are partially covered in molten
                  | scales. (AC +2) [demonic ancestry]
  2755 | D:3      | Reached XP level 5. HP: 24/41 MP: 5/5
  3361 | D:3      | Found a glowing silver altar of Zin.
  3701 | D:4      | Found a burning altar of Makhleb.
  3702 | D:4      | Found a shimmering altar of Xom.
  3921 | D:4      | Reached skill level 1 in Stealth
  3921 | D:4      | Gained mutation: You are mostly covered in molten scales.
                  | (AC +3) [demonic ancestry]
  3921 | D:4      | Reached XP level 6. HP: 48/48 MP: 6/6
  3925 | D:4      | Reached skill level 4 in Axes
  3928 | D:4      | Reached *** piety under Trog
  4514 | D:4      | Gained mutation: You are completely covered in molten
                  | scales. (AC +4, rF+) [demonic ancestry]
  4514 | D:4      | Reached XP level 7. HP: 21/53 MP: 7/7
  4792 | D:4      | Found an iron altar of Okawaru.
  5143 | D:4      | Found a transporter.
  5158 | D:4      | Found a radiant altar of Vehumet.
  5193 | D:4      | Found a transporter.
  5262 | D:4      | Found a sacrificial altar of Ru.
  5275 | D:4      | Found a stormy altar of Qazlal.
  5655 | D:5      | Entered Level 5 of the Dungeon
  5661 | D:5      | Received a gift from Trog
  5729 | D:5      | Found a staircase to the Ecumenical Temple.
  5829 | D:5      | Found a bloodstained altar of Trog.
  5830 | D:5      | Noticed Edmund
  5843 | D:5      | Killed Edmund
  5843 | D:5      | Reached skill level 5 in Axes
  5843 | D:5      | Reached XP level 8. HP: 42/60 MP: 8/8
  5897 | D:5      | Reached skill level 5 in Throwing
  6757 | D:5      | Reached skill level 5 in Armour
  7028 | D:6      | Found a transporter.
  7029 | D:6      | Noticed a kobold demonologist
  7030 | D:6      | Noticed a fire crab
  7044 | D:6      | Reached **** piety under Trog
  7080 | D:6      | Found a transporter.
  7082 | D:6      | Got an ancient hand axe
  7091 | D:6      | Identified the +7 hand axe "Transmigrator" {freeze, *Contam
                  | Int+5} (You found it on level 6 of the Dungeon)
  7145 | D:6      | Found a basalt altar of Yredelemnul.
  7169 | D:6      | Noticed a kobold demonologist
  7509 | D:7      | Found a shimmering altar of Xom.
  7523 | D:7      | Reached skill level 6 in Axes
  7829 | D:7      | Reached XP level 9. HP: 61/67 MP: 9/9
  7852 | D:7      | Noticed Pikel
  7877 | D:7      | Killed Pikel
  7877 | D:7      | Reached skill level 5 in Fighting
  7877 | D:7      | Reached skill level 7 in Axes
  8125 | D:7      | Found Recevvau's Distillery.
  8147 | D:7      | Bought a potion of curing for 42 gold pieces
  8147 | D:7      | Bought a potion of degeneration for 14 gold pieces
  8147 | D:7      | Bought a potion of curing for 42 gold pieces
  8147 | D:7      | Bought 2 potions of curing for 84 gold pieces
  8588 | D:8      | Received a gift from Trog
  8813 | D:8      | Reached skill level 8 in Axes
  9515 | D:9      | Reached XP level 10. HP: 76/76 MP: 10/10
  9581 | D:9      | Reached skill level 9 in Axes
  9657 | D:9      | Noticed Maurice
  9675 | D:9      | Killed Maurice
  9675 | D:9      | Reached ***** piety under Trog
  9953 | D:9      | Received a gift from Trog
  9953 | D:9      | Reached skill level 10 in Axes
 10616 | D:9      | Noticed a two-headed ogre
 10625 | D:9      | Killed a two-headed ogre
 10625 | D:9      | Gained mutation: You regenerate health from kills. [demonic
                  | ancestry]
 10625 | D:9      | Reached XP level 11. HP: 12/84 MP: 11/11
 10671 | D:9      | Reached skill level 11 in Axes
 11073 | D:10     | Entered Level 10 of the Dungeon
 11073 | D:10     | Noticed a two-headed ogre
 11090 | D:10     | Killed a two-headed ogre
 11090 | D:10     | Received a gift from Trog
 11151 | D:10     | Found Totacadi's Weapon Emporium.
 11227 | D:10     | Noticed a two-headed ogre
 11247 | D:10     | Killed a two-headed ogre
 11415 | D:10     | Reached skill level 1 in Evocations
 11454 | D:10     | Found a staircase to the Lair.
 11535 | D:10     | Received a gift from Trog
 11776 | D:10     | Found a glowing golden altar of the Shining One.
 12186 | D:11     | Noticed a two-headed ogre
 12193 | D:11     | Killed a two-headed ogre
 12193 | D:11     | Reached skill level 12 in Axes
 12447 | D:11     | Found Dionwuuk's Gadget Shoppe.
 12590 | D:11     | Paralysed by a hornet for 2 turns
 12833 | D:11     | Got an ancient steel ring
 12841 | D:11     | Noticed Sonja
 13333 | D:11     | Noticed a four-headed hydra
 13338 | D:11     | Killed a four-headed hydra
 13338 | D:11     | Reached XP level 12. HP: 36/94 MP: 4/12
 13735 | D:12     | Noticed a two-headed ogre
 13744 | D:12     | Killed a two-headed ogre
 13797 | D:12     | Noticed a tengu warrior
 13805 | D:12     | Killed a tengu warrior
 14143 | D:12     | Reached skill level 1 in Maces & Flails
 14546 | D:12     | Received a gift from Trog
 14568 | D:12     | Found a staircase to the Orcish Mines.
 14574 | D:12     | Reached skill level 1 in Bows
 14882 | D:12     | Identified the ring "Ress" {Fire +Fly Int+5 Dex-2 Slay+2}
                  | (You found it on level 11 of the Dungeon)
 15089 | D:13     | Reached skill level 13 in Axes
 15126 | D:13     | Noticed a two-headed ogre
 15135 | D:13     | Killed a two-headed ogre
 15146 | D:13     | Noticed a two-headed ogre
 15146 | D:13     | Noticed a catoblepas
 15179 | D:12     | Killed a catoblepas
 15179 | D:12     | Received a gift from Trog
 15478 | D:13     | Noticed a death knight
 15485 | D:13     | Killed a death knight
 15645 | D:13     | Killed a two-headed ogre
 15933 | D:13     | Gained mutation: You may emit foul miasma when damaged in
                  | melee. [demonic ancestry]
 15933 | D:13     | Reached XP level 13. HP: 79/103 MP: 4/13
 16097 | Lair:1   | Entered Level 1 of the Lair of Beasts
 16351 | Lair:1   | Reached skill level 10 in Fighting
 16379 | Lair:1   | Reached skill level 14 in Axes
 16776 | Lair:2   | Reached skill level 10 in Armour
 17215 | Lair:2   | Received a gift from Trog
 17254 | Lair:2   | Found a staircase to the Swamp.
 17378 | Lair:2   | Noticed a dire elephant
 17396 | Lair:2   | HP: 5/104 [dire elephant (9)]
 17401 | Lair:2   | Killed a dire elephant
 17452 | Lair:2   | Reached skill level 15 in Axes
 17777 | Lair:3   | Received a gift from Trog
 18221 | Lair:3   | Found a staircase to the Snake Pit.
 18325 | Lair:4   | Reached XP level 14. HP: 33/111 MP: 14/14
 18786 | Lair:4   | Found a dark tunnel.
 18795 | Volcano  | Entered a volcano
 19133 | Lair:4   | Reached ****** piety under Trog
 19508 | Lair:4   | Identified a scroll of acquirement
 19760 | Lair:5   | Received a gift from Trog
 20071 | Lair:6   | Entered Level 6 of the Lair of Beasts
 20109 | Lair:6   | Reached skill level 16 in Axes
 20121 | Lair:6   | Received a gift from Trog
 20173 | Lair:6   | Noticed an entropy weaver
 20185 | Lair:6   | Killed an entropy weaver
 20186 | Lair:6   | Noticed an entropy weaver
 20198 | Lair:6   | Killed an entropy weaver
 20204 | Lair:6   | Received a gift from Trog
 20582 | Lair:6   | Noticed Josephine
 20601 | Lair:6   | Killed Josephine
 20695 | Lair:6   | Found a staircase to the Slime Pits.
 21083 | Lair:6   | Received a gift from Trog
 21102 | Lair:6   | Gained mutation: You have hoof-like feet. [demonic
                  | ancestry]
 21102 | Lair:6   | Reached XP level 15. HP: 120/120 MP: 15/15
 21221 | Lair:6   | Noticed Snorg
 21228 | Lair:6   | Killed Snorg
 21293 | Lair:6   | Got a faintly humming plate armour
 21294 | Lair:6   | Identified the +10 plate armour of the Special Wonders {MR+
                  | rCorr} (You acquired it on level 6 of the Lair of Beasts)
 21427 | Lair:6   | Reached skill level 17 in Axes
 22137 | Lair:6   | Got a translucent bone ring
 22139 | Lair:6   | Identified the cursed ring "Ashuujam" {rC+ AC-2 Int+4} (You
                  | found it on level 6 of the Lair of Beasts)
 22193 | Lair:6   | Found a runed translucent door.
 23131 | Orc:1    | Entered Level 1 of the Orcish Mines
 23181 | Orc:1    | Found Evac Byl's Assorted Antiques.
 23479 | Orc:2    | Entered Level 2 of the Orcish Mines
 23479 | Orc:2    | Found a staircase to the Elven Halls.
 23483 | Orc:2    | Received a gift from Trog
 23636 | Orc:2    | Found Xoit's Distillery.
 23727 | Orc:2    | Found Vipykila's Antique Weapon Shop.
 23767 | Orc:2    | Got a warped war axe {god gift}
 23768 | Orc:2    | Identified the +3 war axe of Embarrassment {venom, Str-3
                  | Int+4} (Trog gifted it to you on level 2 of the Orcish
                  | Mines)
 23826 | Orc:1    | Noticed Jorgrun
 23831 | Orc:1    | Received a gift from Trog
 23832 | Orc:1    | Killed Jorgrun
 23833 | Orc:1    | Reached skill level 18 in Axes
 24231 | Orc:2    | Reached XP level 16. HP: 129/131 MP: 16/16
 24239 | Orc:2    | Found Diotrow's Book Emporium.
 24342 | Orc:2    | Found Roxkecux's Jewellery Emporium.
 24751 | D:14     | Found a gate to the Vaults.
 24751 | D:14     | Noticed Nessos
 24769 | D:14     | Noticed Urug
 24788 | D:14     | Killed Urug
 24795 | D:14     | Killed Nessos
 25184 | D:14     | Got a crude war axe
 25185 | D:14     | Identified the +5 war axe of Destiny {flame, rPois Str-5
                  | SInv} (You found it on level 14 of the Dungeon)
 25398 | D:15     | Entered Level 15 of the Dungeon
 25441 | D:15     | Found a gate leading to a gauntlet.
 25477 | D:15     | Found Orphagryc's Jewellery Emporium.
 25516 | Gauntlet | Entered a Gauntlet
 25516 | Gauntlet | Found a transporter.
 25516 | Gauntlet | Found a transporter.
 25521 | Gauntlet | Found a transporter.
 25540 | Gauntlet | Found a transporter.
 25559 | Gauntlet | Found a transporter.
 25568 | Gauntlet | Found a transporter.
 25586 | Gauntlet | Found a transporter.
 25666 | Gauntlet | Found a transporter.
 25666 | Gauntlet | Found a transporter.
 25682 | Gauntlet | Found a transporter.
 25686 | Gauntlet | Found a transporter.
 25708 | Gauntlet | Found a transporter.
 25715 | Gauntlet | Found a transporter.
 25745 | Gauntlet | Found a transporter.
 25784 | Gauntlet | Found a transporter.
 25798 | Gauntlet | Found a transporter.
 26120 | Gauntlet | Paralysed by fainting for 11 turns
 26135 | Gauntlet | Received a gift from Trog
 26140 | Gauntlet | Paralysed by fainting for 5 turns
 26163 | Gauntlet | Paralysed by fainting for 11 turns
 26176 | Gauntlet | Paralysed by fainting for 7 turns
 26191 | Gauntlet | Got a slimy mace
 26194 | Gauntlet | Got a pair of shimmering boots
 26200 | Gauntlet | Identified the cursed +0 pair of boots of the Other Side
                  | {Int+5 Dex+2} (You found it in a Gauntlet)
 26201 | Gauntlet | Identified the +3 mace of Opam {flame, rF+ Int+2 SInv} (You
                  | found it in a Gauntlet)
 26256 | Gauntlet | Got a pair of polished gloves
 26369 | D:15     | Identified the +2 pair of gloves "Webuxt" {-Cast Int+4
                  | Dex+4} (You found it in a Gauntlet)
 26575 | D:15     | Found a staircase to the Depths.
 26935 | D:15     | Found Naothysu's Magic Scroll Shoppe.
 26978 | D:15     | Bought a scroll of teleportation for 48 gold pieces
 26978 | D:15     | Bought a scroll of remove curse for 48 gold pieces
 26978 | D:15     | Bought a scroll of identify for 32 gold pieces
 27302 | Swamp:1  | Entered Level 1 of the Swamp
 27320 | Swamp:1  | Noticed a thorn hunter
 27337 | Swamp:1  | Killed a thorn hunter
 27778 | Swamp:1  | Received a gift from Trog
 27827 | Swamp:1  | Got a faintly glowing mace
 27828 | Swamp:1  | Identified the cursed +1 mace "Iryzim" {vamp, Str+4} (You
                  | found it on level 1 of the Swamp)
 28287 | Swamp:2  | Reached skill level 19 in Axes
 28397 | Swamp:2  | Noticed a thorn hunter
 28423 | Swamp:2  | Killed a thorn hunter
 28714 | Swamp:2  | Noticed a thorn hunter
 28725 | Swamp:2  | Received a gift from Trog
 28732 | Swamp:2  | Killed a thorn hunter
 29107 | Swamp:2  | You fall into a shaft and drop 1 floor!
 29185 | Swamp:2  | Noticed a thorn hunter
 29197 | Swamp:3  | Killed a thorn hunter
 29197 | Swamp:3  | Gained mutation: You frequently emit foul miasma when
                  | damaged in melee. [demonic ancestry]
 29197 | Swamp:3  | Reached XP level 17. HP: 86/139 MP: 17/17
 29676 | Swamp:2  | Got a shimmering leather armour
 29677 | Swamp:2  | Identified the +3 leather armour "Oskup" {-Tele rF+ Str+4
                  | Slay+3} (You found it on level 2 of the Swamp)
 30866 | Swamp:4  | Entered Level 4 of the Swamp
 31044 | Swamp:4  | Received a gift from Trog
 31305 | Swamp:4  | Received a gift from Trog
 31308 | Swamp:4  | Got a slimy great mace {god gift}
 31615 | Swamp:4  | HP: 2/140 [ice dragon/blast of cold (55)]
 31617 | Swamp:4  | Slain by a five-headed hydra simulacrum

Levels and vault maps discovered:
D:1:      dpeg_arrival_ternary, layout_loops_ring, minivault_5
D:2:      layout_loops_cross, gammafunk_temple_of_torment,
          grunt_temple_overflow_open, elyvilon_altar_1
D:3:      layout_basic, lemuel_round_altar, gammafunk_ghost_smash,
          bh_walls_and_bars
D:4:      layout_basic, grunt_temple_overflow_champion_of_chaos,
          okawaru_gym_becter, gammafunk_temple_overflow_arena,
          lemuel_doored_altar, overflow_temple_1_default, minmay_goblin_outpost
D:5:      layout_loops_corners, bloody_trog, minmay_temple_entry_stoned_glass,
          first_ration, abandoned_shop, minmay_misc_feat_alley,
          kennysheep_opposing_triangles, uniq_edmund
D:6:      gammafunk_wand_slinger, layout_cave_pods, basic_altar
D:7:      layout_cave_pools, serial_shops, nicolae_shop_trees, basic_altar,
          uniq_joseph, uniq_pikel
D:8:      layout_basic
D:9:      cheibrodos_grave_circle, layout_irregular_city, serial_column_ruins,
          column_ruins_columns_corner, column_ruins_open_tiny,
          column_ruins_grid_1, column_ruins_open_tiny, column_ruins_columns_T,
          uniq_maurice
D:10:     layout_roguey, minmay_lair_entry_grove, serial_shops, shop,
          grunt_pizzeria, tso_altar
D:11:     layout_irregular_city, serial_ice, serial_ice_c, serial_ice_f,
          serial_ice_b, serial_ice_n, portal_ice_cave_entry_pillars_2,
          serial_shops, shop, water_maze_lemuel, uniq_sonja
D:12:     layout_loops_ring, erik_orc_2
D:13:     layout_roguey
D:14:     layout_loops_ring, david_vaults_3
D:15:     hangedman_depths_entry_try_elsewhere_first, layout_basic,
          serial_shops, nicolae_shop_waterfront, gauntlet_entry_generic,
          minmay_shop_enchanted_jewellery, minmay_tree_intersection,
          worms_lemuel
Lair:1:   layout_hall_layers, infiniplex_staircase_pool_2
Lair:2:   mu_elephants_graveyard, layout_hall_layers, palyth_hydra_swamp_entry,
          beast_lair_carwin_7
Lair:3:   layout_gridlike, guppyfry_snake_entry_garden
Lair:4:   layout_cave_pods, nicolae_volcano_entry_s_turn, st_stairs_8,
          beast_lair_carwin_4, grunt_megastairs_4
Lair:5:   layout_regular_city
Lair:6:   wormcave, layout_loops_ring, hangedman_lair_in_review,
          nicolae_slime_entry_slimehenge, minivault_29, serial_bayou_shore_b,
          minmay_lair_oklob_chamber, uniq_josephine, uniq_snorg
Swamp:1:  layout_basic_swamp, evilmike_swamp_ruin_house_4
Swamp:2:  layout_falls_marsh, evilmike_swamp_ruin_rubble_2
Swamp:3:  layout_falls_marsh, evilmike_swamp_ruin_rubble_1, ldierk_geyser
Swamp:4:  swamp_icy, layout_basic_swamp
Orc:1:    layout_caves, serial_shops, nicolae_shop_crystal, uniq_jorgrun
Orc:2:    st_orc_open, layout_caves

Skill      XL: |  1  2  3  4  5  6  7  8  9 10 11 12 13 14 15 16 17 |
---------------+----------------------------------------------------+-----
Axes           | 3 4 5 6 8 10 12 13 15 16 18 19 | 19.4
Armour         | 2 3 4 5 6 7 8 9 10 11 12 13 | 13.3
Dodging        | 2 3 4 |  4.3
Throwing       | 1 2 3 4 5 6 |  6.8
Stealth        | 1 2 |  2.6
Fighting       | 4 6 7 8 9 10 12 13 14 | 14.6
Evocations     | 1 |  1.0
Maces & Flails | 1 |  1.4
Bows           | 1 3 |  3.2

Action                   |  1- 3 |  4- 6 |  7- 9 | 10-12 | 13-15 | 16-18 || total
-------------------------+-------+-------+-------+-------+-------+-------++-------
Melee: Hand axe          |    99 |   164 |   148 |       |       |       ||   411
       Kick              |    15 |    60 |   133 |   249 |   297 |   201 ||   955
       War axe           |       |       |   276 |   319 |       |       ||   595
       Battleaxe         |       |       |       |   328 |   901 |   559 ||  1788
       Flail             |       |       |       |    35 |       |       ||    35
 Fire: Shortbow          |       |       |       |    23 |    61 |       ||    84
       Longbow           |       |       |       |       |       |    10 ||    10
Throw: Dart              |    48 |    59 |    83 |    50 |    13 |    11 ||   264
       Stone             |       |       |     7 |       |       |       ||     7
       Javelin           |       |       |     3 |       |       |       ||     3
Invok: Berserk           |     2 |     1 |     4 |    11 |     8 |     3 ||    29
       Trog's Hand       |       |       |       |       |       |     2 ||     2
Evoke: Wand              |       |       |       |     3 |     3 |       ||     6
  Use: Scroll            |       |     5 |    12 |    12 |    19 |    14 ||    62
       Potion            |       |     2 |       |     4 |     4 |     5 ||    15
 Stab: Confused          |       |       |       |       |     1 |     2 ||     3
       Petrified         |       |       |       |       |     7 |       ||     7
  Eat: Chunk             |     3 |    11 |    21 |    29 |    31 |    20 ||   115
       Ration            |       |       |       |     1 |     1 |     3 ||     5
Armor: Animal skin       |    15 |       |       |       |       |       ||    15
       Ring mail         |     1 |    14 |       |       |       |       ||    15
       Chain mail        |       |    55 |   138 |       |       |       ||   193
       Plate armour      |       |       |   181 |   523 |   785 |   542 ||  2031
Dodge: Dodged            |    82 |    92 |   196 |   303 |   414 |   229 ||  1316
Block: Other             |       |       |       |       |    53 |   166 ||   219
       Reflection        |       |       |       |       |     2 |     9 ||    11
